Map: Year Zero LE

Players

Serral - Winner!

  • Race: Zerg Zerg
  • Spawn Location: 1:00

TIME (Oliveira)

  • Race: Terran Terran
  • Spawn Location: 11:00

Event: 2019 WCS Spring

VOD

Have the link to the VOD?

Description

Time

  • Played on: May 19, 2019, 8:36 a.m.
  • Length: 11:02

All games in this series

Show
View Real Time Build Order
Export as new Build Order

Serral Zerg - Winner!

Build Orders: Hatch First 

Get SALT Encoding   

  12  0:01  Drone  
  13  0:13  Overlord  
  13  0:18  Drone  
  14  0:31  Drone x2  
  16  0:50  Hatchery  
  16  0:53  Drone  
  16  0:57  Drone  
  17  1:00  Drone  
  18  1:11  Extractor  
  18  1:16  Spawning Pool  
  16  1:19  Drone  
  16  1:22  Drone  
  18  1:29  Drone  
  19  1:39  Drone  
  20  1:50  Drone  
  21  2:02  Queen x2  
  21  2:03  Zergling x4  
  27  2:17  Hatchery  
  26  2:22  Overlord  
  26  2:26  Drone  
  26  2:29  Drone  
  28  2:33  Metabolic Boost  
  28  2:42  Drone x2  
  28  2:44  Drone  
  31  2:50  Queen  
  33  2:55  Overlord  
  33  2:59  Drone  
  33  3:00  Drone  
  35  3:12  Drone  
  36  3:13  Drone x2  
  36  3:15  Drone x3  
  36  3:17  Drone  
  42  3:20  Overlord  
  42  3:26  Queen  
  44  3:33  Queen  
  46  3:37  Baneling Nest  
  46  3:41  Zergling x4  
  47  3:44  Drone x2  
  47  3:46  Drone  
  47  3:47  Drone  
  51  3:49  Drone  
  51  3:52  Overlord  
  53  3:55  Zergling x2  
  53  3:58  Zergling x2  
  53  4:01  Drone, Overlord  
  55  4:03  Drone  
  55  4:08  Queen  
  58  4:14  Zergling x2  
  58  4:15  Zergling x2  
  58  4:16  Overlord  
  61  4:17  Drone  
  61  4:18  Drone  
  61  4:20  Drone  
  61  4:22  Drone  
  61  4:23  Drone  
  64  4:24  Drone  
  64  4:28  Overlord  
  65  4:36  Zergling x4  
  65  4:38  Drone  
  67  4:39  Spore Crawler  
  67  4:42  Lair  
  66  4:47  Zergling x4  
  66  4:48  Queen  
  69  4:54  Zergling x2  
  69  4:55  Drone x3  
  69  4:59  Extractor x2  
  70  5:06  Zergling x6  
  69  5:13  Drone x7  
  71  5:18  Spore Crawler  
  70  5:27  Zergling x6  
  73  5:32  Drone x3  
  76  5:40  Evolution Chamber, Zergling x6  
  76  5:41  Evolution Chamber  
  77  5:43  Overseer  
  77  5:45  Centrifical Hooks  
  77  5:47  Drone x3  
  77  5:48  Extractor x2  
  78  5:52  Baneling x3  
  78  5:55  Drone  
  79  5:59  Drone x5  
  79  6:03  Drone  
  79  6:04  Drone x2  
  87  6:07  Zerg Melee Weapons Level 1  
  87  6:08  Zerg Ground Armor Level 1  
  87  6:14  Drone x3  
  87  6:17  Extractor, Drone, Overlord  
  90  6:22  Overlord  
  90  6:24  Overlord, Overseer  
  90  6:34  Hatchery  
  90  6:35  Drone x2  
  90  6:37  Drone, Zergling x2  
  90  6:38  Zergling x6  
  96  6:41  Zergling x6  
  99  6:49  Zergling x6  
  99  6:50  Hydralisk Den  
  99  6:53  Zergling x4  
  102  6:56  Baneling x3  
  102  6:57  Baneling  
  102  7:05  Overlord  
  103  7:08  Zergling x22  
  113  7:18  Overlord  
  113  7:21  Muscular Augments  
  113  7:22  Overlord x3  
  113  7:24  Baneling x2  
  113  7:34  Zergling x6  
  113  7:35  Zergling x8  
  111  7:38  Hatchery  
  111  7:40  Zergling x2  
  111  7:41  Zergling x8  
  114  7:46  Baneling x6, Queen  
  102  7:58  Zergling x20  
  100  8:13  Zergling x16  
  100  8:17  Baneling x5  
  100  8:18  Baneling x4  
  108  8:20  Zerg Melee Weapons Level 2  
  108  8:21  Zerg Ground Armor Level 2  
  108  8:25  Drone x3  
  111  8:29  Drone x3  
  111  8:33  Grooved Spines  
  114  8:37  Zergling x10  
  118  8:47  Overlord  
  118  8:48  Baneling x4  
  118  8:54  Drone x4  
  118  8:55  Drone x2  
  122  8:59  Hydralisk x4  
  122  9:02  Infestation Pit  
  128  9:08  Hydralisk x4  
  136  9:15  Baneling  
  136  9:16  Baneling x5  
  134  9:23  Drone x3  
  137  9:26  Overlord  
  137  9:28  Hydralisk x5  
  147  9:34  Zergling x14  
  154  9:38  Hive  
  154  9:43  Overlord x2  
  153  9:47  Queen  
  153  9:50  Zergling x10  
  159  9:56  Zergling x12  
  159  9:59  Baneling x9  
  162  10:06  Zergling x14  
  167  10:13  Zergling x14  
  168  10:16  Baneling  
  168  10:17  Baneling x6  
  166  10:22  Zergling x10  
  166  10:27  Baneling x4  
  167  10:28  Zergling x2  
  167  10:29  Zergling x6  
  167  10:35  Zergling x16  
  161  10:43  Zergling x10  
Show
View Real Time Build Order
Export as new Build Order

TIME Terran 

Build Orders: Liberator Opening, Reaper Expand 

Get SALT Encoding   

  12  0:00  SCV  
  13  0:12  SCV  
  14  0:18  Supply Depot  
  14  0:25  SCV  
  15  0:40  SCV  
  15  0:41  Barracks  
  16  0:45  Refinery  
  16  0:52  SCV  
  18  1:04  SCV  
  18  1:16  SCV  
  19  1:28  Orbital Command, Reaper  
  20  1:42  Command Center  
  20  1:53  Supply Depot  
  20  1:54  SCV  
  21  2:00  Marine  
  22  2:06  SCV  
  23  2:08  Factory  
  23  2:14  Refinery  
  23  2:18  SCV  
  23  2:21  Barracks Reactor  
  24  2:30  SCV  
  25  2:42  SCV  
  26  2:53  Starport  
  26  2:54  Orbital Command, SCV  
  27  3:01  Hellion x2  
  27  3:05  Marine  
  32  3:06  SCV  
  33  3:13  Liberator  
  33  3:18  SCV  
  33  3:19  SCV  
  35  3:23  Hellion x2  
  40  3:27  Supply Depot  
  40  3:31  Marine  
  43  3:35  SCV  
  43  3:36  SCV  
  45  3:47  SCV  
  46  3:49  Hellion x2  
  46  3:50  Supply Depot  
  46  3:51  SCV  
  51  3:56  Liberator  
  51  3:59  SCV  
  51  4:02  Barracks Tech Lab  
  52  4:03  SCV  
  53  4:11  SCV  
  53  4:12  Hellion x2  
  53  4:15  SCV  
  53  4:16  Supply Depot  
  62  4:28  Stimpack  
  62  4:38  SCV x2  
  64  4:44  Marine, Command Center  
  65  4:47  Factory Tech Lab  
  65  4:50  SCV x2  
  67  4:58  Starport Reactor  
  67  5:02  Marine, SCV x2  
  67  5:04  Barracks  
  67  5:06  Barracks  
  67  5:14  SCV, Siege Tank  
  65  5:17  Engineering Bay x2  
  65  5:18  Refinery x2  
  65  5:20  Marine, SCV  
  67  5:26  SCV  
  68  5:32  SCV  
  67  5:38  Marine, SCV  
  69  5:44  SCV, Starport Reactor  
  69  5:46  Terran Infantry Armor Level 1, Terran Infantry Weapons Level 1  
  70  5:55  Marine x3, Siege Tank  
  70  5:57  Orbital Command  
  76  5:58  Barracks  
  76  5:59  Marine x2  
  76  6:00  Barracks  
  76  6:04  SCV  
  77  6:09  SCV  
  78  6:13  Marine x3, Supply Depot  
  78  6:16  SCV  
  78  6:17  Marine x2  
  84  6:21  SCV  
  84  6:23  Orbital Command  
  85  6:35  Marine, SCV x2, Medivac x2  
  85  6:37  Marine  
  85  6:38  Armory  
  93  6:40  Marine, Siege Tank, Supply Depot  
  93  6:43  Combat Shield  
  93  6:45  Supply Depot  
  93  6:46  Barracks Reactor  
  97  6:47  SCV, Barracks Reactor  
  97  6:51  Marine x2  
  97  6:53  SCV  
  101  7:01  Marine x2, Supply Depot  
  101  7:02  SCV x2  
  101  7:06  Marine  
  106  7:08  SCV, Supply Depot  
  106  7:09  Marine  
  106  7:14  Marine, SCV x2  
  111  7:19  Refinery x2, Siege Tank  
  111  7:20  SCV  
  111  7:21  Marine  
  116  7:26  SCV  
  116  7:28  Marine, SCV  
  119  7:31  Supply Depot  
  119  7:33  Marine  
  119  7:34  Marine  
  110  7:38  Marine  
  110  7:39  Marine, SCV  
  110  7:41  Marine, SCV x2  
  109  7:45  Marine x3  
  109  7:48  Terran Infantry Weapons Level 2  
  109  7:50  Marine  
  112  7:51  SCV  
  112  7:53  SCV  
  112  7:56  Marine x2  
  112  7:57  Marine  
  112  7:58  Marine  
  112  7:59  Medivac  
  112  8:00  SCV  
  112  8:02  Marine  
  112  8:03  Marine  
  112  8:04  Marine  
  118  8:09  Marine  
  118  8:10  Marine  
  108  8:14  Marine, Siege Tank  
  108  8:15  Medivac  
  108  8:16  SCV  
  108  8:18  Marine x2  
  117  8:25  Terran Infantry Armor Level 2  
  117  8:26  Marine x2  
  119  8:29  SCV  
  119  8:30  SCV  
  119  8:31  SCV  
  119  8:32  Marine  
  123  8:36  Marine  
  124  8:41  SCV  
  124  8:42  Marine x2  
  124  8:47  Medivac x2  
  131  8:50  SCV  
  131  8:51  Marine, Factory  
  131  8:52  SCV  
  133  8:55  Marine  
  133  8:57  SCV  
  133  8:58  Marine  
  133  9:00  Siege Tank, Command Center  
  133  9:02  SCV  
  138  9:04  Marine  
  138  9:05  Marine x2  
  139  9:18  Supply Depot x2  
  139  9:19  Sensor Tower  
  139  9:20  Barracks x2  
  139  9:21  Marine  
  139  9:22  Barracks  
  140  9:25  Marine  
  140  9:28  Medivac x2  
  145  9:33  Marine x2  
  145  9:38  Marine  
  148  9:39  Factory Tech Lab  
  148  9:40  Siege Tank  
  148  9:41  Marine  
  148  9:44  Marine x2  
  153  9:53  Marine x2  
  153  9:54  Marine  
  153  9:58  Marine  
  152  10:00  Command Center  
  150  10:08  SCV  
  150  10:11  Siege Tank  
  139  10:16  Marine  
  139  10:18  SCV x2  
  139  10:20  SCV  
  135  10:23  Marine  
  135  10:25  Marine  
  135  10:26  Marine  
  128  10:28  Medivac  
  128  10:30  SCV x2  
  128  10:32  SCV  
  108  10:44  SCV  
  108  10:46  SCV  
  108  10:47  SCV  
Tags
 
Add a new tag
Caveats
  • Supply blocks, unpowered buildings, or Contaminate may cause inaccurate times.
  • Supply counts are checked every 10 seconds.